 Dungeon Crawl Stone Soup version 0.23.2-40-g277498a001 (webtiles) character file.

Game seed: 5164926858163345637

6601 H0rd4k the Protected (level 11, -6/81 HPs)
             Began as a Human Artificer on Sept 5, 2019.
             Was an Initiate of Gozag.
             Mangled by an orc warrior
             ... wielding a +0 halberd
              (8 damage)
             ... on level 9 of the Dungeon.
             The game lasted 00:34:18 (14494 turns).

H0rd4k the Protected (Human Artificer)             Turns: 14494, Time: 00:34:19

Health: -6/81      AC:  9    Str: 15    XL:     11   Next: 21%
Magic:  0/14       EV: 15    Int: 13    God:    Gozag
Gold:   188        SH:  0    Dex: 17    Spells: 10/10 levels left

rFire    . . .     SeeInvis .   h - +6 falchion (elec)
rCold    . . .     Gourm    .   (no shield)
rNeg     . . .     Faith    .   r - +0 ring mail
rPois    +         Spirit   +   n - +1 helmet
rElec    .         Reflect  .   x - scarf {Spirit}
rCorr    .         Harm     .   (no gloves)
MR       .....                  (no boots)
Stlth    ++........             (no amulet)
HPRegen  0.23/turn              G - +4 ring of dexterity
MPRegen  0.14/turn              s - ring of poison resistance

@: lethally poisoned (-6 -> -9)
A: no striking features
a: Potion Petition, Call Merchant, Bribe Branch, Renounce Religion


You were on level 9 of the Dungeon.
You worshipped Gozag.
Gozag was aware of your devotion.
You were very hungry.

You visited 2 branches of the dungeon, and saw 11 of its levels.

You collected 896 gold pieces.
You paid 708 gold pieces to Gozag.

Inventory:

Hand Weapons
 a - a +0 short sword
 b - a +3 dagger of venom
 d - a +0 scimitar
 h - a +6 falchion of electrocution (weapon)
 t - a cursed -2 trident
 w - a +1 dagger of flaming
 D - a +0 hand axe of flaming
 E - a +2 mace of holy wrath
Missiles
 B - 4 needles of frenzy
 I - 3 tomahawks (quivered)
 K - 6 needles of confusion
Armour
 n - a +1 helmet (worn)
 r - a +0 ring mail (worn)
 x - a scarf of spirit shield (worn)
Magical Staves
 v - an uncursed staff of death
 O - a cursed staff of energy {unknown}
Jewellery
 s - a ring of poison resistance (right hand)
 u - an uncursed ring of ice
 G - a +4 ring of dexterity (left hand)
 H - an uncursed ring of fire
 J - an uncursed ring of magical power {unknown}
Wands
 c - a wand of flame (26)
 y - a wand of digging (7)
Scrolls
 i - 4 scrolls of remove curse
 o - a scroll of noise
 p - 3 scrolls of identify
 F - a scroll of enchant armour
 M - a scroll of silence
Potions
 g - 2 potions of curing
 k - a potion of experience
 m - a potion of agility
 q - 2 potions of resistance
 z - 2 potions of mutation
 A - 2 potions of degeneration
 C - a potion of lignification
Comestibles
 f - 6 rations


   Skills:
 + Level 5.9 Fighting
 + Level 7.4(8.4) Short Blades
 + Level 5.8(7.6) Long Blades
 + Level 3.2 Maces & Flails
 + Level 8.0 Armour
 + Level 6.5 Dodging
 + Level 4.0 Stealth
 + Level 4.7 Evocations


You had 10 spell levels left.
You didn't know any spells.
Your spell library contained the following spells:

 Spells                   Type           Power        Failure   Level  Hunger
 Flame Tongue             Conj/Fire      #....        47%         1    ##.....
 Magic Dart               Conj           #...         47%         1    ##.....
 Searing Ray              Conj           #.....       63%         2    ###....
 Throw Flame              Conj/Fire      #.....       63%         2    ###....
 Conjure Flame            Conj/Fire      #.......     85%         3    ####...
 Dazzling Spray           Conj/Hex       #.....       85%         3    ####...
 Inner Flame              Hex/Fire       #.......     85%         3    ####...
 Force Lance              Conj/Tloc      #.......     99%         4    #####..
 Fulminant Prism          Conj/Hex       #.........   99%         4    #####..
 Iskenderun's Mystic Bla  Conj           #.......     99%         4    #####..
 Sticky Flame             Conj/Fire      #.......     99%         4    #####..
 Fireball                 Conj/Fire      #.........   100%        5    ######.


Dungeon Overview and Level Annotations

Branches:
Dungeon (10/15)            Temple (1/1) D:7
   Lair: D:8-11         Orc: D:9-12

Altars:
Cheibriados
Dithmenos
Elyvilon
Fedhas
Gozag
Hepliaklqana
Nemelex Xobeh
Okawaru
Qazlal
Ru
Sif Muna
Trog
Vehumet
Wu Jian
Xom
Yredelemnul

Shops:
D:6 }   D:7 :

Annotations:
D:2 exclusion: upstairs
D:3 exclusion: downstairs
D:4 exclusion: 2 downstairs
D:5 exclusions: downstairs and ogre
D:7 exclusion: downstairs
D:8 exclusion: downstairs, Erica, Joseph
D:9 exclusion: downstairs
D:10 exclusions: orc warrior and upstairs


Message History

The orc warrior hits you with a +0 halberd!
* * * LOW HITPOINT WARNING * * *
The orc warrior hits you from afar with a +0 halberd.
* * * LOW HITPOINT WARNING * * *
The orc wizard casts a spell.
The orc wizard seems to speed up.
The killer bee stings you.
* * * LOW HITPOINT WARNING * * *
Unknown command.
Okay, then.
Unknown command.
Okay, then.
Unknown command.
You closely miss the killer bee.
The killer bee is severely wounded.
The killer bee closely misses you.
You riposte.
You closely miss the killer bee.
The killer bee is severely wounded.
The orc warrior hits you with a +0 halberd!
You die...
Your body crumbles into a pile of gold.

##..#.###.##.##...#
#..................
####................#
...........).......#
#.#....###.##.##...#
#.#................#
#..a..y.o.y.#.##...!
#.#o#.###...........
#.#@#y###.#y#......<
#.#y#y..$c$.y.......
##.#o#####.#.#c.#...#
#..#.#####.#.# .#. .#
#..oy....(.... ... .
#..#o.......... ..y
#o##.##....#..... ...
#.##...........##...#
#$........o..........


You could see 2 orc warriors, a worker ant, 2 killer bees, an orc wizard and an
orc.

Vanquished Creatures
  Erolcha (D:10)
  An unseen horror (D:10)
  A hippogriff (D:8)
  A wyvern (D:10)
  3 hungry ghosts
  Menkaure (D:6)
  Duvessa (D:7)
  3 ice beasts
  3 ogres
  3 sky beasts
  2 necrophages
  2 phantoms
  3 centaurs
  Blork the orc (D:4)
  6 bullfrogs
  Dowan (D:7)
  A wyvern skeleton (D:10)
  5 scorpions
  A water moccasin skeleton (D:6)
  4 wights (D:7)
  16 killer bees
  2 howler monkeys
  2 crimson imps
  3 hounds
  9 orc wizards
  4 orc priests
  4 jellies
  2 bullfrog skeletons
  A centaur skeleton (D:5)
  An iguana (D:8)
  7 worker ants
  A hound skeleton (D:6)
  A howler monkey zombie (D:5)
  7 adders
  5 gnolls
  2 oozes
  An adder skeleton (D:7)
  3 worms
  4 dart slugs
  4 leopard geckos
  29 orcs
  3 ball pythons
  3 bats
  7 giant cockroaches
  6 goblins
  11 hobgoblins
  16 jackals
  2 quokkas
  7 frilled lizards
  7 kobolds
  A leopard gecko skeleton (D:6)
  2 quokka skeletons
  12 rats
  A toadstool (D:1)
230 creatures vanquished.

Vanquished Creatures (collateral kills)
  A bullfrog (D:6)
  A crimson imp (D:6)
  A gnoll (D:2)
  A kobold (D:2)
  2 rats (D:2)
6 creatures vanquished.

Vanquished Creatures (others)
  A jelly (D:5)
  An orc wizard (D:4)
  A gnoll (D:2)
  A worm (D:2)
  A leopard gecko (D:5)
  3 toadstools (D:1)
8 creatures vanquished.

Grand Total: 244 creatures vanquished

Notes
Turn   | Place    | Note
-------+----------+-------------------------------------------
     0 | D:1      | H0rd4k the Human Artificer began the quest for the Orb.
     0 | D:1      | Reached XP level 1. HP: 15/15 MP: 3/3
   168 | D:1      | Reached XP level 2. HP: 18/21 MP: 4/4
   370 | D:2      | Reached XP level 3. HP: 17/26 MP: 5/5
   992 | D:2      | Reached XP level 4. HP: 17/32 MP: 6/6
  1236 | D:2      | Reached skill level 1 in Armour
  2389 | D:2      | Reached XP level 5. HP: 37/37 MP: 7/7
  3286 | D:3      | Found a shadowy altar of Dithmenos.
  3629 | D:3      | Reached XP level 6. HP: 43/44 MP: 8/8
  4287 | D:4      | Reached skill level 2 in Armour
  4814 | D:4      | Reached XP level 7. HP: 50/51 MP: 9/9
  4894 | D:4      | Reached skill level 3 in Armour
  5109 | D:4      | Noticed Blork the orc
  5130 | D:4      | Killed Blork the orc
  5537 | D:5      | Entered Level 5 of the Dungeon
  5657 | D:5      | Reached skill level 4 in Armour
  5657 | D:5      | Reached XP level 8. HP: 34/58 MP: 8/10
  6811 | D:5      | Reached skill level 5 in Short Blades
  6837 | D:5      | Reached skill level 5 in Armour
  8146 | D:6      | Noticed Menkaure
  8172 | D:6      | Killed Menkaure
  8405 | D:6      | Reached XP level 9. HP: 41/64 MP: 7/12
  9304 | D:6      | Reached skill level 6 in Armour
  9850 | D:6      | Found Pudd's Gadget Shoppe.
 10308 | D:7      | Found Aset Eci's Book Boutique.
 10389 | D:7      | Reached skill level 5 in Dodging
 10395 | D:7      | Found a staircase to the Ecumenical Temple.
 10415 | Temple   | Entered the Ecumenical Temple
 10479 | Temple   | Became a worshipper of Gozag Ym Sagoz the Greedy
 11061 | D:7      | Reached skill level 1 in Maces & Flails
 11191 | D:7      | Noticed Duvessa
 11191 | D:7      | Noticed Dowan
 11200 | D:7      | Killed Duvessa
 11200 | D:7      | Reached XP level 10. HP: 71/73 MP: 13/13
 11201 | D:7      | Killed Dowan
 11309 | D:7      | Reached skill level 5 in Fighting
 11543 | D:8      | Reached skill level 1 in Long Blades
 11730 | D:8      | Noticed Erica
 12379 | D:9      | Reached skill level 7 in Armour
 12665 | D:8      | Noticed Joseph
 12999 | D:8      | Found a sacrificial altar of Ru.
 12999 | D:8      | Found a stormy altar of Qazlal.
 13136 | D:10     | Entered Level 10 of the Dungeon
 13578 | D:10     | Noticed Erolcha
 13586 | D:10     | Killed Erolcha
 14209 | D:10     | Noticed a death knight
 14211 | D:10     | Killed an unseen horror
 14211 | D:10     | Reached XP level 11. HP: 52/81 MP: 9/14
 14324 | D:9      | Reached skill level 5 in Long Blades
 14432 | D:9      | Reached skill level 8 in Armour
 14493 | D:9      | HP: 4/81 [orc warrior/+0 halberd (5)]
 14493 | D:9      | HP: 1/81 [killer bee (2)]
 14494 | D:9      | Mangled by an orc warrior

Skill      XL: |  1  2  3  4  5  6  7  8  9 10 11 |
---------------+----------------------------------+-----
Short Blades   | 2 3 4 5 7 |  7.4
Armour         | 1 2 4 5 6 7 8 |  8.0
Fighting       | 2 3 4 5 |  5.9
Stealth        | 2 3 4 |  4.0
Dodging        | 3 4 5 6 |  6.5
Evocations     | 4 |  4.7
Maces & Flails | 1 3 |  3.2
Long Blades    | 4 5 |  5.8

Action                   |  1- 3 |  4- 6 |  7- 9 | 10-12 || total
-------------------------+-------+-------+-------+-------++-------
Melee: Short sword       |    98 |   209 |       |       ||   307
       Dagger            |       |    82 |   729 |    49 ||   860
       Mace              |       |       |    24 |     7 ||    31
       Falchion          |       |       |    17 |   194 ||   211
Invok: Potion Petition   |       |       |       |     2 ||     2
Evoke: Wand              |     7 |     9 |    27 |    13 ||    56
  Use: Potion            |       |       |     3 |     8 ||    11
       Scroll            |       |       |    10 |    13 ||    23
 Stab: Sleeping          |     1 |     8 |     3 |     1 ||    13
       Distracted        |       |     1 |     1 |     1 ||     3
       Invisible         |       |       |       |     4 ||     4
  Eat: Ration            |       |     1 |     3 |     5 ||     9
       Chunk             |       |     9 |    12 |       ||    21
Armor: Leather armour    |    16 |    20 |       |       ||    36
       Ring mail         |       |    59 |   187 |   125 ||   371
Dodge: Dodged            |    68 |   134 |   359 |   301 ||   862
       Rpst.: Falchion   |       |       |     1 |    93 ||    94
